 Dungeon Crawl Stone Soup version 0.29.0-4-gdea44cf6ec (webtiles) character file.

Game seed: 4133573248110030664

9 qw the Sneak (level 2, -2/19 HPs)
             Began as a Gargoyle Delver on Sept 10, 2022.
             Slain by a phantom (7 damage)
             ... on level 4 of the Dungeon.
             The game lasted 00:00:05 (146 turns).

qw the Sneak (Gargoyle Delver)                       Turns: 146, Time: 00:00:05

Health: -2/19      AC:  5    Str: 15    XL:     2   Next: 12%
Magic:  2/2        EV: 11    Int: 10    God:
Gold:   10         SH:  0    Dex: 11    Spells: 1/1 levels left

rFire   . . .      SeeInvis .   a - +0 hand axe
rCold   . . .      Faith    .   (no shield)
rNeg    + . .      Spirit   .   b - +0 leather armour
rPois   inf        Reflect  .   (no helmet)
rElec   +          Harm     .   (no cloak)
rCorr   .          Rampage  .   (no gloves)
Will    .....                   (no boots)
Stlth   +++.......              (no amulet)
HPRegen 0.06/turn               (no ring)
MPRegen 0.08/turn               (no ring)

@: no status effects
A: sickness immunity, AC +2, negative energy resistance 1, electricity
resistance, torment resistance 1, petrification resistance
a: no special abilities


You were on level 4 of the Dungeon.
You visited 1 branch of the dungeon, and saw 2 of its levels.

You collected 10 gold pieces.


Innate Abilities, Weirdness & Mutations

You are immune to sickness and miasma.
Your stone body is resilient. (AC +2)
You are immune to poison.
You resist negative energy. (rN+)
You are resistant to electric shocks. (rElec)
You are resistant to unholy torment.
You are immune to petrification.


   Skills:
 - Level 3.2 Fighting
 + Level 2.5 Axes
 - Level 1.5 Dodging
 - Level 5.4 Stealth


You had one spell level left.
You didn't know any spells.
Your spell library was empty.

Inventory:

Hand Weapons
 a - a +0 hand axe (weapon)
Armour
 b - a +0 leather armour (worn)
Wands
 g - a wand of digging (3)
Potions
 f - 2 potions of haste

Dungeon Overview and Level Annotations

Branches:
Dungeon (5/15)
 Temple: D:4-7

Altars:
Yredelemnul


Message History

The phantom is lightly damaged.
The phantom closely misses you.
You barely miss the phantom.
The phantom is lightly damaged.
The phantom barely misses you.
You hit the phantom.
The phantom is moderately damaged.
The phantom hits you. x2
You barely miss the phantom.
The phantom is moderately damaged.
The phantom closely misses you.
You barely miss the phantom.
The phantom is moderately damaged.
The phantom hits you but does no damage.
You miss the phantom.
The phantom is moderately damaged.
The phantom hits you but does no damage.
You barely miss the phantom.
The phantom is moderately damaged.
The phantom hits you.
The phantom blinks!
You blink.
You barely miss the phantom.
The phantom is moderately damaged.
The phantom completely misses you.
You closely miss the phantom.
The phantom is moderately damaged.
The phantom barely misses you.
The phantom hits you but does no damage.
You barely miss the phantom.
The phantom is moderately damaged.
The phantom barely misses you.
You closely miss the phantom.
The phantom is moderately damaged.
The phantom barely misses you.
You barely miss the phantom.
The phantom is moderately damaged.
The phantom hits you but does no damage.
You hit the phantom.
The phantom is heavily damaged.
The phantom hits you!
You die...

#........#
#........#
#........#
#^.......#
+........#
#..>.....#
#..........
#######.W........
.......@.........
.................
.......#+######..
....... + .......
....... ##+####


You could see a phantom.

Vanquished Creatures
  An adder (D:5)
1 creature vanquished.

Notes
Turn   | Place    | Note
-------+----------+-------------------------------------------
     0 | D:5      | qw the Gargoyle Delver began the quest for the Orb.
     0 | D:5      | Reached XP level 1. HP: 14/14 MP: 1/1
     0 | D:5      | 0 ||| qw: Version: 0.1-a-116-g5d60599
     0 | D:5      | 0 ||| qw: Game counter: 7864
     0 | D:5      | 0 ||| qw: Always use a shield: true
     0 | D:5      | 0 ||| qw: God list: Okawaru
     0 | D:5      | 0 ||| qw: Allow faded altars: false
     0 | D:5      | 0 ||| qw: Do Orc after D:15 true
     0 | D:5      | 0 ||| qw: Do second Lair branch before Depths: true
     0 | D:5      | 0 ||| qw: Lair rune preference: random
     0 | D:5      | 0 ||| qw: Plans: Normal
     0 | D:5      | 0 ||| PLANNING D:1-11
    17 | D:5      | 17 ||| DROPPING scroll of fog.
    18 | D:5      | 18 ||| DROPPING scroll of magic mapping.
    19 | D:5      | 19 ||| DROPPING scroll of fear.
    34 | D:5      | Reached XP level 2. HP: 14/19 MP: 2/2
   121 | D:5      | Found a basalt altar of Yredelemnul.
   121 | D:5      | Noticed a scorpion
   127 | D:4      | Noticed a phantom
   140 | D:4      | HP: 4/19 [phantom (4)]
   146 | D:4      | Slain by a phantom

Levels and vault maps discovered:
D:4:      layout_gridville, mainiacjoe_overflow_brackets
D:5:      minmay_octagon_keep, layout_loops_cross,
          mainiacjoe_overflow_small_starburst, kennysheep_mini,
          ebering_ghost_gozag

Skill      XL: |  1 |
---------------+----+-----
Axes           | 2 |  2.5
Fighting       | |  3.2
Dodging        | |  1.5
Stealth        | |  5.4

Action                   || total
-------------------------++-------
Melee: Hand axe          ||    22
Armor: Leather armour    ||     7
Dodge: Dodged            ||    10

Table legend:
 A = Non-vault XP
 B = Vault XP
 C = Vault XP percentage of total XP
 D = Non-vault monster count
 E = Vault monster count
 F = Vault count percentage of total count
                 A         B        C        D         E       F
            +---------+---------+-------+---------+---------+-------
      Total |      13 |       0 |   0.0 |       1 |       0 |   0.0
            +---------+---------+-------+---------+---------+-------
        D:5 |      13 |       0 |   0.0 |       1 |       0 |   0.0
            +---------+---------+-------+---------+---------+-------
